 Seeded DCSS version 0.29.1-15-g9cfb28693d (webtiles) character file.

Game seed: 1 (custom seed)

34436 Kazon the Spear-Bearer (level 13, -2/81 HPs)
             Began as an Octopode Transmuter on Mar 23, 2023.
             Was a High Priest of Makhleb.
             Slain by a yak (16 damage)
             ... on level 5 of the Lair of Beasts.
             The game lasted 01:17:32 (11756 turns).

Kazon the Spear-Bearer (Octopode Transmuter)       Turns: 11756, Time: 01:17:33

Health: -2/81      AC:  1    Str: 22    XL:     13   Next: 77%
Magic:  28/28      EV: 19    Int: 13    God:    Makhleb [*****.]
Gold:   291        SH:  7    Dex: 23    Spells: 12/20 levels left

rFire   + + +      SeeInvis .   z - +7 demon trident of Vanity {freeze, *Rage rC+++ Str+6}
rCold   + + +      Faith    .   c - +0 buckler
rNeg    . . .      Spirit   .   O - +0 hat
rPois   +          Reflect  .   N - amulet "Odemouw" {Contam rPois rF+++ Regen+ Stlth+}
rElec   .          Harm     .   P - +6 ring of dexterity
rCorr   .          Rampage  .   w - ring of protection from cold
Will    .....      Rage     20% G - ring of magical power
Stlth   ++++++....              K - ring of protection from cold
HPRegen 1.03/turn               (no ring)
MPRegen 0.21/turn               (no ring)
                                (no ring)
                                (no ring)

@: about to teleport, on berserk cooldown, slowed, very slow
A: almost no armour, amphibious, 8 rings, camouflage 1, gelatinous body 1,
(nimble swimmer 1), tentacles, agile 1, fire resistance 1, frail 1, strong 1
a: Renounce Religion, Minor Destruction, Lesser Servant of Makhleb, Major
Destruction, Greater Servant of Makhleb


You were on level 5 of the Lair of Beasts.
You worshipped Makhleb.
Makhleb was extremely pleased with you.
You visited 3 branches of the dungeon, and saw 17 of its levels.

You collected 1067 gold pieces.
You spent 776 gold pieces at shops.

Inventory:

Hand Weapons
 e - a +2 dagger of venom
 z - the +7 demon trident of Vanity (weapon) {freeze, *Rage rC+++ Str+6}
   (You acquired it on level 1 of the Dungeon)

   It freezes those it strikes, dealing additional cold damage.
   It can also slow down cold-blooded creatures.
   Str:       It affects your strength (+6).
   rC:        It renders you almost immune to cold.
   *Rage:     It berserks you when you make melee attacks (+20% chance).
Missiles
 k - 26 boomerangs (quivered)
 n - a throwing net
 x - 6 curare-tipped darts
 F - 38 poisoned darts
Armour
 c - a +0 buckler (worn)
 O - a +0 hat (worn)
Jewellery
 w - a ring of protection from cold (right tentacle)
 G - a ring of magical power (on tentacle)
 K - a ring of protection from cold (on tentacle)
 N - the amulet "Odemouw" (around mantle) {Contam rPois rF+++ Regen+ Stlth+}
   (You bought it in a shop on level 8 of the Dungeon)

   [amulet of regeneration]

   rF:        It renders you almost immune to fire.
   rPois:     It protects you from poison.
   Contam:    It causes magical contamination when unequipped.
   Regen:     It increases your rate of health regeneration.
   Stlth:     It makes you more stealthy.
 P - a +6 ring of dexterity (left tentacle)
 T - a ring of protection from fire
Wands
 f - a wand of roots (6)
 u - a wand of mindburst (29)
 y - a wand of flame (35)
 D - a wand of paralysis (23)
 H - a wand of polymorph (11)
Scrolls
 h - a scroll of amnesia {unknown}
 i - 9 scrolls of identify
 j - a scroll of immolation
 m - 4 scrolls of fog {unknown}
 o - a scroll of enchant armour {unknown}
 p - 2 scrolls of poison {unknown}
 q - a scroll of magic mapping {unknown}
 r - a scroll of noise
 s - 3 scrolls of teleportation
 A - 4 scrolls of enchant weapon {unknown}
 E - 3 scrolls of fear
 I - a scroll of summoning {unknown}
 L - a scroll of vulnerability {unknown}
 R - 2 scrolls of brand weapon {unknown}
 U - a scroll of silence {unknown}
Potions
 a - 2 potions of ambrosia {unknown}
 b - 4 potions of berserk rage {unknown}
 d - a potion of heal wounds
 g - 2 potions of haste {unknown}
 l - 2 potions of flight
 t - 9 potions of lignification
 v - 2 potions of cancellation {unknown}
 B - 2 potions of might
 C - 3 potions of curing
 Q - a potion of invisibility
Miscellaneous
 J - a condenser vane
 M - a phial of floods
 S - a lightning rod (4/4)


   Skills:
 * Level 9.5 Fighting
 + Level 4.8 Short Blades
 + Level 11.3 Polearms
 + Level 5.2 Throwing
 * Level 8.6 Dodging
 + Level 8.1 Stealth
 * Level 7.9 Shields
 + Level 3.8 Unarmed Combat
 + Level 4.3 Spellcasting
 + Level 4.5 Transmutations
 + Level 1.5 Air Magic
 + Level 2.0 Poison Magic
 * Level 6.4 Invocations
 * Level 7.7 Evocations


You had 12 spell levels left.
You knew the following spells:

 Your Spells              Type           Power      Damage    Failure   Level
a - Beastly Appendage     Tmut           28%        N/A       3%          1
b - Wereblood             Tmut           14%        N/A       6%          2
c - Spider Form           Tmut/Pois      11%        N/A       19%         3
d - Poisonous Vapours     Pois/Air       14%        N/A       19%         2

Your spell library contained the following spells:

 Spells                   Type           Power      Damage    Failure   Level
 Sting                    Tmut/Pois      44%        1d5       6%          1
 Apportation              Tloc           4%         N/A       24%         1
 Magic Dart               Conj           8%         1d3       24%         1
 Necrotise                Necr           8%         1d4       24%         1
 Summon Small Mammal      Summ           8%         N/A       24%         1
 Call Imp                 Summ           2%         N/A       36%         2
 Mephitic Cloud           Conj/Pois/Air  5%         N/A       41%         3
 Ozocubu's Armour         Ice            2%         N/A       58%         3
 Ice Form                 Ice/Tmut       8%         N/A       67%         4
 Olgreb's Toxic Radiance  Pois           8%         N/A       71%         4
 Blade Hands              Tmut           7%         N/A       71%         5
 Fireball                 Conj/Fire      1%         3d3       100%        5
 Iskenderun's Battlesphe  Conj           2%         2d6       100%        5
 Metabolic Englaciation   Hex/Ice        1%         N/A       100%        5
 Conjure Ball Lightning   Conj/Air       2%         3x3d6     100%        6
 Iron Shot                Conj/Erth      1%         9d1       100%        6
 Simulacrum               Ice/Necr       1%         N/A       100%        6
 Orb of Destruction       Conj           1%         9d5       100%        7
 Ozocubu's Refrigeration  Ice            1%         4d7       100%        7
 Animate Armour           Summ/Erth      Unusable   N/A       N/A         4

Dungeon Overview and Level Annotations

Branches:
Dungeon (11/15)            Temple (1/1) D:7            Lair (5/5) D:10
 Shoals (0/4) Lair:3       Spider (0/4) Lair:3        Slime (0/5) Lair:4
    Orc: D:9-12

Altars:
Ashenzari
Elyvilon
Gozag
Hepliaklqana
Kikubaaqudgha
Makhleb
Okawaru
Qazlal
Uskayaw
Jiyva

Shops:
D:3 (   D:8 ?(==   D:10 :


Innate Abilities, Weirdness & Mutations

You cannot wear most types of armour.
You are amphibious.
You can wear up to eight rings at the same time.
Your skin changes colour to match your surroundings (Stealth+).
Your rubbery body absorbs attacks. (AC +1, EV +1)
((You are camouflaged when in or above water. (Stealth+)))
You have tentacles for arms and can constrict up to eight enemies at once.
You are agile. (Dex +4, Str/Int -1)
Your flesh is heat resistant. (rF+)
You are frail. (-10% HP)
Your muscles are strong. (Str +4, Int/Dex -1)


Message History

The yak is severely wounded.
A blink frog comes into view. x2
The yak gores you!
The blink frog croaks.
You impale the yak!! You freeze the yak.
You kill the yak!
Makhleb accepts your kill.
You feel better.
You hear a loud, deep croak!
The blink frog blinks!
The yak misses you. The yak barely misses you.
You closely miss the yak.
The yak is severely wounded.
The yak completely misses you.
You barely miss the yak.
You tentacle-slap the yak, but do no damage.
Your squeeze misses the yak. You block the yak's attack. x3
A blink frog comes into view.
The yak barely misses you. x3
You puncture the yak! You freeze the yak.
The yak is moderately wounded.
A blink frog comes into view.
The yak gores you. The yak gores you! The yak misses you.
You impale the yak!! You freeze the yak!
The yak is severely wounded.
The yak gores you! x2
* * * LOW HITPOINT WARNING * * *
The yak misses you.
You barely miss the yak. Your squeeze misses the yak.
The yak is severely wounded.
The blink frog blinks! x2; You block the yak's attack. x2
The yak closely misses you.
The blink frog blinks!
Unknown command.
As you read the scroll of teleportation, it crumbles to dust.
You feel strangely unstable. The yak gores you.
* * * LOW HITPOINT WARNING * * *
The yak misses you. You block the yak's attack.
You puncture the yak! You freeze the yak.
The yak is almost dead.
You block the yak's attack. The yak gores you!
You die...

.................................
.................................
.......................†.....#...
.<.............†.............#..#
................................P
.................................
.................................
.................................
#.##.#P###.###.Y@Y##..#......##.#
####.### ##.####Y#######.<...####
# ### ### #F# ##...##


.YF #...# . .......Y........... .#§....Y............ ###....?Y.##P.##.PP#.
.....#. #### .### # .P You could see 4 yaks and 2 blink frogs.

Vanquished Creatures
  Fannar (Lair:2)
  Erolcha (D:10)
  A catoblepas (Lair:2)
  A two-headed ogre (D:9)
  4 death yaks (Lair:3)
  An ugly thing (D:11)
  5 elephants (Lair:4)
  5 black mambas
  8 cane toads
  Maggie (D:6)
  3 rime drakes
  4 kobold demonologists (D:11)
  10 komodo dragons
  2 trolls (D:10)
  Prince Ribbit (D:9)
  A polar bear (Lair:4)
  5 dream sheep (Lair:4)
  10 blink frogs (Lair:2)
  A snapping turtle (Lair:3)
  2 shadows
  A vampire (D:10)
  44 yaks
  3 wyverns
  3 basilisks
  Eustachio (D:5)
  2 steam dragons
  Menkaure (D:5)
  Edmund (D:6)
  2 acid dragons
  10 water moccasins
  5 orc warriors
  An ice beast (D:8)
  5 sky beasts
  2 black bears (D:6)
  5 centaurs
  An ogre (D:6)
  A wolf (D:10)
  2 phantoms (D:6)
  3 kobold brigands
  3 necrophages
  6 bullfrogs
  A gnoll sergeant (D:7)
  9 scorpions
  21 wights
  3 killer bees (D:10)
  3 electric eels
  A howler monkey (D:5)
  2 jellies (D:6)
  6 hounds
  7 orc priests
  A gnoll bouda (D:7)
  6 iguanas
  4 hell rats (Lair:3)
  4 orc wizards
  Robin (D:3)
  15 gnolls
  13 adders
  3 shadow imps
  2 white imps (D:7)
  An ufetubus (D:5)
  4 worms
  37 orcs
  11 endoplasms
  3 giant cockroaches
  16 goblins
  9 hobgoblins
  A jackal (D:4)
  27 kobolds
  A quokka (D:1)
  5 ball pythons
  4 bats
  3 frilled lizards
  6 rats
399 creatures vanquished.

Vanquished Creatures (others)
  A quokka (D:7)
  14 fungi
  22 plants
37 creatures vanquished.

Grand Total: 436 creatures vanquished

Notes
Turn   | Place    | Note
-------+----------+-------------------------------------------
     0 | D:1      | Kazon the Octopode Transmuter began the quest for the Orb.
     0 | D:1      | Reached XP level 1. HP: 13/13 MP: 3/3
    46 | D:1      | Identified a scroll of acquirement
    46 | D:1      | Acquired the +7 demon trident of Vanity {freeze, *Rage
                  | rC+++ Str+6}
   109 | D:1      | Reached XP level 2. HP: 18/18 MP: 5/5
   650 | D:2      | Reached XP level 3. HP: 23/23 MP: 4/6
   896 | D:2      | Reached skill level 1 in Stealth
  1189 | D:2      | Learned a level 2 spell: Wereblood
  1192 | D:2      | Reached skill level 1 in Polearms
  1192 | D:2      | Reached XP level 4. HP: 28/28 MP: 4/7
  1220 | D:3      | Found Umat's Antique Weapon Boutique.
  1370 | D:3      | Noticed Robin
  1374 | D:3      | Killed Robin
  1375 | D:3      | Reached skill level 2 in Polearms
  1375 | D:3      | Reached XP level 5. HP: 33/33 MP: 8/8
  1655 | D:3      | Reached skill level 5 in Fighting
  1655 | D:3      | Reached skill level 5 in Polearms
  1655 | D:3      | Reached skill level 5 in Dodging
  1655 | D:3      | Reached XP level 6. HP: 45/45 MP: 9/9
  1832 | D:4      | Learned a level 3 spell: Spider Form
  1845 | D:4      | Reached XP level 7. HP: 50/50 MP: 10/10
  2211 | D:4      | Reached skill level 6 in Polearms
  2290 | D:4      | Found a hazy altar of Hepliaklqana.
  2611 | D:5      | Entered Level 5 of the Dungeon
  2756 | D:5      | Reached skill level 1 in Evocations
  2880 | D:5      | Reached XP level 8. HP: 55/55 MP: 12/12
  2892 | D:5      | Noticed Eustachio
  2901 | D:5      | Killed Eustachio
  3082 | D:5      | Noticed Menkaure
  3102 | D:5      | Killed Menkaure
  3359 | D:5      | Learned a level 2 spell: Poisonous Vapours
  3528 | D:6      | Reached XP level 9. HP: 61/61 MP: 8/13
  3678 | D:7      | Found a staircase to the Ecumenical Temple.
  3688 | Temple   | Entered the Ecumenical Temple
  3870 | Temple   | Became a worshipper of Makhleb the Destroyer
  3915 | D:7      | Found a hide-covered altar of Uskayaw.
  4024 | D:6      | Reached skill level 7 in Polearms
  4124 | D:6      | Reached skill level 5 in Stealth
  4139 | D:6      | Reached * piety under Makhleb
  4145 | D:6      | Reached skill level 1 in Invocations
  4208 | D:6      | Noticed Edmund
  4213 | D:6      | Killed Edmund
  4332 | D:6      | You fall into a shaft and drop 1 floor!
  4354 | D:7      | Reached XP level 10. HP: 68/68 MP: 14/14
  4418 | D:6      | Reached skill level 8 in Polearms
  4503 | D:6      | Noticed Maggie
  4510 | D:6      | Reached ** piety under Makhleb
  4515 | D:6      | Killed Maggie
  4691 | D:7      | Found a white marble altar of Elyvilon.
  5180 | D:8      | Found Quzidd's Magic Scroll Emporium.
  5185 | D:8      | Bought a scroll of teleportation for 42 gold pieces
  5329 | D:8      | Found Heidghoki's Jewellery Shop.
  5535 | D:8      | Reached skill level 5 in Shields
  5593 | D:8      | Found Esumer's Weapon Shop.
  5901 | D:8      | Found Zoxtaeshakh's Jewellery Boutique.
  6306 | D:9      | Noticed a two-headed ogre
  6314 | D:9      | Killed a two-headed ogre
  6486 | D:9      | Reached XP level 11. HP: 73/73 MP: 16/16
  6520 | D:9      | Noticed Prince Ribbit
  6546 | D:9      | Killed Prince Ribbit
  6582 | D:9      | Reached *** piety under Makhleb
  6735 | D:10     | Entered Level 10 of the Dungeon
  6788 | D:10     | Reached skill level 1 in Poison Magic
  6864 | D:10     | Found a staircase to the Lair.
  6866 | D:10     | Reached skill level 1 in Air Magic
  6869 | D:10     | Reached skill level 5 in Evocations
  6933 | D:10     | Noticed Erolcha
  6938 | D:10     | Killed Erolcha
  6958 | D:10     | Identified the +5 long sword of the Land of Plenty {drain,
                  | Dex+3}
  6974 | D:10     | Found Juagoaq's Book Shoppe.
  6985 | D:10     | Reached skill level 9 in Polearms
  7147 | D:10     | Reached **** piety under Makhleb
  7900 | D:11     | Noticed a green ugly thing
  7904 | D:11     | Killed a green ugly thing
  8102 | D:11     | Reached XP level 12. HP: 81/81 MP: 17/17
  8651 | D:8      | Bought the amulet "Odemouw" {Contam rPois rF+++ Regen+
                  | Stlth+} for 734 gold pieces
  8711 | Lair:1   | Entered Level 1 of the Lair of Beasts
  8837 | Lair:1   | Found the +2 Maxwell's thermic engine {flame, freeze}
  9405 | Lair:2   | Noticed Fannar
  9408 | Lair:2   | Noticed a catoblepas
  9416 | Lair:2   | Killed Fannar
  9422 | Lair:2   | Killed a catoblepas
  9423 | Lair:2   | Reached skill level 10 in Polearms
  9423 | Lair:2   | Reached skill level 5 in Invocations
  9433 | Lair:2   | Reached ***** piety under Makhleb
 10119 | Lair:3   | Noticed a death yak
 10119 | Lair:3   | Noticed a death yak
 10123 | Lair:3   | Reached XP level 13. HP: 89/89 MP: 18/18
 10130 | Lair:2   | Reached skill level 5 in Throwing
 10325 | Lair:3   | Found an ancient bone altar of Kikubaaqudgha.
 10442 | Lair:3   | Found a staircase to the Shoals.
 10576 | Lair:3   | Found a hole to the Spider Nest.
 10998 | Lair:4   | Reached skill level 11 in Polearms
 11087 | Lair:4   | Found a staircase to the Slime Pits.
 11088 | Lair:4   | Found a viscous altar of Jiyva.
 11099 | Lair:4   | Gained mutation: Your muscles are strong. (Str +4, Int/Dex
                  | -1) [potion of mutation]
 11099 | Lair:4   | Gained mutation: You are agile. (Dex +4, Str/Int -1)
                  | [potion of mutation]
 11099 | Lair:4   | Gained mutation: You are frail. (-10% HP) [potion of
                  | mutation]
 11099 | Lair:4   | Gained mutation: Your flesh is heat resistant. (rF+)
                  | [potion of mutation]
 11525 | Lair:4   | Identified the +3 battleaxe "Adididghufym" {antimagic, rF+
                  | Will+}
 11567 | Lair:5   | Entered Level 5 of the Lair of Beasts
 11756 | Lair:5   | Slain by a yak

Illustrated notes

Levels and vault maps discovered:
D:1:      dpeg_arrival_three_smaller_balls, layout_basic
D:2:      layout_loops_ring
D:3:      layout_basic, serial_shops, nicolae_shop_stone, st_stairs_9,
          minmay_misc_feat_doors, eino_curves_03, uniq_robin
D:4:      minmay_wonky_spiral, layout_basic,
          mainiacjoe_overflow_surrounded_room, minivault_5
D:5:      layout_cave_pods, uniq_menkaure, uniq_eustachio
D:6:      cheibrodos_barr_body, layout_basic, minmay_crystal_room,
          minmay_pentangle, uniq_maggie, uniq_edmund
D:7:      layout_cave_pools, nicolae_uskayaw_murder_on_the_dancefloor,
          elyvilon_altar_4, minmay_temple_entry_purple_smoke
D:8:      layout_basic, serial_shops, shop_statue, kennysheep_little_box, shop,
          nicolae_shop_window_shopping
D:9:      layout_cave_pools, uniq_prince_ribbit1
D:10:     layout_stronghold, erik_lair_island, serial_shops,
          nicolae_shop_statue_plus, uniq_erolcha
D:11:     layout_roguey
Temple:   nicolae_temple_bog_church
Lair:1:   layout_long_grid, fungi_pond_lemuel, cheibrodos_lair_reptile_den
Lair:2:   layout_gridlike, uniq_fannar
Lair:3:   layout_roguey, minmay_shoals_entry_hut,
          nicolae_spider_entry_non_spiders, basic_altar, serial_bayou_crossing
Lair:4:   layout_gridlike, slime_entry_1, serial_rivers,
          chequers_serial_rivers_room_a, chequers_serial_rivers_micro_c,
          chequers_serial_rivers_room_a, chequers_serial_rivers_micro_e,
          minivault_27, grunt_megastairs_3, infiniplex_staircase_pool_2
Lair:5:   evilmike_catoblepas_cave, layout_long_grid

Skill      XL: |  1  2  3  4  5  6  7  8  9 10 11 12 13 |
---------------+----------------------------------------+-----
Stealth        | 1 2 3 4 5 6 7 8 |  8.1
Polearms       | 1 2 5 6 7 8 9 10 11 | 11.3
Fighting       | 5 6 7 8 9 |  9.5
Short Blades   | 4 |  4.8
Throwing       | 4 5 |  5.2
Dodging        | 5 6 7 8 |  8.6
Shields        | 4 5 6 7 |  7.9
Evocations     | 1 2 3 4 6 7 |  7.7
Spellcasting   | 3 4 |  4.3
Invocations    | 1 3 4 5 6 |  6.4
Poison Magic   | 1 2 |  2.0
Transmutations | 3 4 |  4.5
Air Magic      | 1 |  1.5
Unarmed Combat | |  3.8

Action                   |  1- 3 |  4- 6 |  7- 9 | 10-12 | 13-15 || total
-------------------------+-------+-------+-------+-------+-------++-------
Melee: Demon trident     |    46 |    48 |   150 |   393 |   175 ||   812
       Constrict         |     7 |     8 |    20 |    50 |    15 ||   100
       Tentacles         |     3 |     6 |    25 |    71 |    51 ||   156
       Punch             |     1 |       |     2 |    13 |    10 ||    26
       Unarmed           |       |       |    11 |       |       ||    11
       Kick              |       |       |       |    12 |    14 ||    26
Throw: Stone             |     2 |     9 |    23 |    17 |       ||    51
       Boomerang         |       |       |       |    19 |    12 ||    31
       Dart              |       |       |       |    10 |     3 ||    13
 Cast: Beastly Appendage |     3 |       |     1 |     9 |     5 ||    18
       Wereblood         |     1 |     2 |     3 |    12 |     3 ||    21
       Spider Form       |       |       |     2 |       |       ||     2
       Poisonous Vapours |       |       |     1 |    13 |     5 ||    19
Evoke: Wand              |       |       |       |     9 |       ||     9
  Use: Scroll            |     1 |       |     4 |     3 |     2 ||    10
       Potion            |       |     1 |     1 |     2 |     1 ||     5
 Stab: Sleeping          |     7 |     4 |    10 |    26 |     3 ||    50
       Distracted        |       |     1 |       |       |     1 ||     2
       Paralysed         |       |       |       |     4 |       ||     4
Armor: Skin              |     1 |     1 |    10 |     7 |       ||    19
Dodge: Dodged            |    12 |    19 |    83 |   140 |    74 ||   328
Block: Buckler           |       |       |    15 |    43 |    28 ||    86
